 Dungeon Crawl Stone Soup version 0.28-a0-674-gdaf460b524 (webtiles) character file.

Game seed: 12892028271311636667

2501 avis the Cleaver (level 9, -1/69 (85) HPs)
             Began as a Hill Orc Monk on Oct 17, 2021.
             Slain by a wight (5 damage)
             ... on level 7 of the Dungeon.
             The game lasted 00:32:22 (9846 turns).

avis the Cleaver (Hill Orc Monk)                    Turns: 9846, Time: 00:32:22

HP:   -1/69 (85)    AC: 15    Str: 17    XL:     9   Next: 53%
MP:   9/9           EV:  8    Int: 10    God:
Gold: 215           SH:  0    Dex: 13    Spells: 8/8 levels left

rFire   . . .      SeeInvis .   b - +1 whip (elec)
rCold   . . .      Faith    .   (no shield)
rNeg    . . .      Spirit   .   p - +0 chain mail
rPois   +          Reflect  .   K - +2 helmet
rElec   .          Harm     .   (no cloak)
rCorr   .          Rampage  .   y - +0 pair of gloves
Will    .....                   n - +0 pair of boots
Stlth   ..........              (no amulet)
HPRegen 0.21/turn               t - ring of poison resistance
MPRegen 0.11/turn               (no ring)

@: heavily drained
A: no striking features
a: no special abilities


You were on level 7 of the Dungeon.
You visited 2 branches of the dungeon, and saw 8 of its levels.

You collected 215 gold pieces.

Inventory:

Hand Weapons
 a - a +0 hand axe
 b - a +1 whip of electrocution (weapon)
 B - a +1 rapier of protection
 H - a +0 lajatang
 J - a +1 dagger of venom
 P - a +0 hand crossbow
 Q - a +5 flail
Missiles
 i - 11 boomerangs
 o - 9 poisoned darts (quivered)
 w - 19 arrows
 C - 31 stones
 M - a throwing net
Armour
 c - a +0 chain mail
 n - a +0 pair of boots (worn)
 p - a +0 chain mail (worn)
 y - a +0 pair of gloves (worn)
 A - a +0 chain mail
 F - the +2 robe of Xom's Hope {rPois}
   (You found it on level 6 of the Dungeon)

   rPois:     It protects you from poison.
 K - a +2 helmet (worn)
 L - a +0 chain mail
Magical Staves
 I - a staff of earth
Jewellery
 t - a ring of poison resistance (left hand)
Wands
 e - a wand of polymorph (6)
 q - a wand of flame (26)
Scrolls
 h - 2 scrolls of blinking {unknown}
 j - 8 scrolls of identify {unknown}
 k - a scroll of fog {unknown}
 l - 5 scrolls of magic mapping {unknown}
 r - 3 scrolls of teleportation {unknown}
 u - 2 scrolls of vulnerability {unknown}
 v - 3 scrolls of enchant weapon {unknown}
 z - a scroll of fear {unknown}
 E - a scroll of holy word {unknown}
 G - 2 scrolls of amnesia {unknown}
Potions
 d - a potion of curing
 f - a potion of flight {unknown}
 g - 3 potions of lignification {unknown}
 m - 2 potions of attraction {unknown}
 s - 2 potions of mutation {unknown}
 x - 2 potions of heal wounds {unknown}
 D - 2 potions of berserk rage {unknown}
 N - 2 potions of cancellation {unknown}
 O - a potion of invisibility {unknown}


   Skills:
 - Level 10.0 Fighting
 - Level 10.0 Axes
 * Level 5.0 Armour
 - Level 5.0 Dodging
 - Level 1.5 Stealth


You had 8 spell levels left.
You didn't know any spells.
Your spell library contained the following spells:

 Spells                   Type           Power      Damage    Failure   Level
 Dazzling Flash           Conj/Hex       0%         N/A       100%        3
 Iskenderun's Mystic Bla  Conj/Tloc      0%         2d3       100%        4
 Starburst                Conj/Fire      0%         6d3       100%        6


Dungeon Overview and Level Annotations

Branches:
Dungeon (7/15)             Temple (1/1) D:5

Altars:
Ashenzari
Cheibriados
Dithmenos
Elyvilon
Fedhas
Gozag
Hepliaklqana
Kikubaaqudgha
Makhleb
Nemelex Xobeh
Okawaru
Qazlal
Ru
Sif Muna
Uskayaw
Vehumet
Wu Jian
Xom
Yredelemnul
Zin
The Shining One

Annotations:
D:3 1 runed translucent door, exclusion: door, Crazy Yiuf


Message History

You feel drained.
* * * LOW HITPOINT WARNING * * *
Press: ? - help, v - describe, . - travel, g - get item
Here: a wight, wielding a +2 great sword and wearing a +0 robe (lightly damaged)
Items here: )) ? [[.
The floor.
You barely miss the wight.
The wight is lightly damaged.
The wight hits you but does no damage.
You whack the wight!
The wight is heavily damaged.
The wight barely misses you.
You hit the wight but do no damage.
The wight is heavily damaged.
The wight hits you but does no damage.
You closely miss the wight.
The wight is heavily damaged.
You closely miss the wight.
The wight is heavily damaged.
The wight closely misses you.
You closely miss the wight.
The wight is heavily damaged.
The wight hits you with a +2 great sword.
* * * LOW HITPOINT WARNING * * *
You feel drained.
* * * LOW HITPOINT WARNING * * *
You hit the wight.
The wight is heavily damaged.
The wight hits you with a +2 great sword.
* * * LOW HITPOINT WARNING * * *
You feel better.
The wight hits you with a +2 great sword!
* * * LOW HITPOINT WARNING * * *
You completely miss the wight.
The wight is heavily damaged.
The wight barely misses you.
You closely miss the wight.
The wight is heavily damaged.
The wight hits you with a +2 great sword.
You die...

#.# #.........#≈≈#.#≈≈# ######
#.###.#########≈..<..≈# #.....
###.....# #≈≈#.#≈≈# #.≈≈≈≈
...##.### ###≈≈.≈≈## #.≈≈≈♣
......# #.###≈≈≈# ##.≈.≈z
...#### #.# ##### #zz..z[ #.##
#.# #.#^..# #.#
#.##########.##### #.#
#@#........).# ..#
#z#.#.######## ###
##.#.#.##########
###############....#..........#
.......>........#######.#####.≈≈
.########....##....#....# .#
#.....#####..#.#.#.## .# #.#####
#..#.#.#.# .# #.# #..#.....#


You could see a wight.

Vanquished Creatures
  Pikel (D:4)
  3 water moccasins
  3 sky beasts
  3 ogres
  A phantom (D:6)
  2 bullfrogs (D:7)
  2 scorpions
  4 wights (D:7)
  An electric eel (D:7)
  A howler monkey (D:6)
  5 hounds
  A centaur skeleton (D:7)
  3 iguanas
  Jessica (D:2)
  Natasha (thrice) (D:4)
  5 orc wizards
  A killer bee zombie (D:6)
  A hound skeleton (D:4)
  A howler monkey skeleton (D:6)
  7 adders
  3 shadow imps
  2 white imps (D:6)
  An adder skeleton (D:4)
  A worm (D:3)
  3 dart slugs
  11 orcs
  11 endoplasms
  3 giant cockroaches
  7 goblins
  7 hobgoblins
  4 jackals
  8 kobolds
  A quokka (D:4)
  A ball python (D:2)
  3 bats
  A frilled lizard (D:1)
  A rat (D:2)
117 creatures vanquished.

Vanquished Creatures (others)
  60 plants (D:7)
  A withered plant (D:4)
61 creatures vanquished.

Grand Total: 178 creatures vanquished

Notes
Turn   | Place    | Note
-------+----------+-------------------------------------------
     0 | D:1      | avis the Hill Orc Monk began the quest for the Orb.
     0 | D:1      | Reached XP level 1. HP: 19/19 MP: 1/1
   532 | D:1      | Reached XP level 2. HP: 26/26 MP: 2/2
   715 | D:1      | Reached skill level 5 in Axes
  1176 | D:2      | Noticed Jessica
  1197 | D:2      | Killed Jessica
  1198 | D:2      | Reached XP level 3. HP: 34/34 MP: 3/3
  1465 | D:2      | Reached skill level 5 in Fighting
  1562 | D:2      | Reached XP level 4. HP: 41/42 MP: 4/4
  2115 | D:2      | Reached XP level 5. HP: 46/48 MP: 5/5
  2455 | D:3      | Found an opulent altar of Gozag.
  2692 | D:3      | Found a runed translucent door.
  2693 | D:3      | Noticed Crazy Yiuf
  3305 | D:4      | Found an ancient bone altar of Kikubaaqudgha.
  3521 | D:4      | Noticed an ogre
  3548 | D:4      | Killed an ogre
  3549 | D:4      | Reached XP level 6. HP: 23/56 MP: 6/6
  4008 | D:4      | Noticed Natasha
  4017 | D:4      | Killed Natasha
  4312 | D:4      | Noticed Pikel
  4337 | D:4      | Killed Pikel
  4338 | D:4      | Reached skill level 10 in Axes
  4338 | D:4      | Reached skill level 1 in Armour
  4338 | D:4      | Reached XP level 7. HP: 5/61 MP: 7/7
  4938 | D:4      | Found an ornate altar of the Wu Jian Council.
  5143 | D:4      | Noticed Natasha
  5163 | D:4      | Killed Natasha
  5164 | D:4      | Reached XP level 8. HP: 56/68 MP: 8/8
  5278 | D:4      | Noticed Natasha
  5293 | D:4      | Killed Natasha
  5504 | D:5      | Entered Level 5 of the Dungeon
  5504 | D:5      | Found a staircase to the Ecumenical Temple.
  5514 | Temple   | Entered the Ecumenical Temple
  6049 | D:5      | Reached skill level 5 in Armour
  6131 | D:5      | Found a burning altar of Makhleb.
  6463 | D:5      | Found a glowing silver altar of Zin.
  7410 | D:6      | Identified the +2 robe of Xom's Hope {rPois}
  7839 | D:6      | Reached skill level 5 in Dodging
  7912 | D:6      | HP: 3/71 [iguana (8)]
  7915 | D:6      | Reached XP level 9. HP: 16/78 MP: 9/9
  9813 | D:7      | Reached skill level 10 in Fighting
  9824 | D:7      | HP: 3/70 [wight (4)]
  9843 | D:7      | HP: 1/69 [wight (3)]
  9846 | D:7      | Slain by a wight

Illustrated notes

Levels and vault maps discovered:
D:1:      erik_arrival_orb_chamber, layout_loops_ring, minmay_misc_feat_doors,
          minmay_tromino_v2
D:2:      layout_rooms, uniq_jessica
D:3:      layout_basic, grunt_gozag_statues, chequers_serial_rivers_micro_a,
          minmay_strange_pillars, grunt_decor_mini_mirrors, grunt_ministairs_6,
          st_stairs_10, uniq_crazy_yiuf_cottage
D:4:      layout_loops_cross, nicolae_overflow_hidden_temple,
          kiku_gazebo_garden_becter, serial_co_window_serial,
          co_window_of_opportunity_a, co_window_corner_a, co_window_paths_a,
          co_window_corner_a, co_window_corner_a, co_window_of_opportunity_a,
          co_window_paths_b, co_window_cross_1, co_window_of_opportunity_a,
          co_window_cross_4, co_window_of_opportunity_b, co_window_broadway_a,
          co_window_corner_b, co_window_unsneaky_path_d, co_window_paths_c,
          glass_columns_b, glass_columns_a, glass_columns_b, glass_columns_a,
          glass_columns_b, uniq_pikel, uniq_natasha
D:5:      layout_basic, zin_statuary, lemuel_doored_altar,
          minmay_temple_entry_drinking_statues, minmay_holes
D:6:      minmay_octagon_keep, layout_layer_cave
D:7:      layout_loops_ring, serial_bayou, serial_bayou_ford_a,
          serial_bayou_shore_b, serial_bayou_crossing, serial_bayou_lagoon_a,
          kennysheep_small_circle
Temple:   eino_temple_rhombus

Skill      XL: |  1  2  3  4  5  6  7  8  9 |
---------------+----------------------------+-----
Axes           | 5 6 8 10 | 10.0
Fighting       | 4 5 6 10 | 10.0
Armour         | 2 3 5 |  5.0
Dodging        | 3 5 |  5.0
Stealth        | |  1.5

Action                   |  1- 3 |  4- 6 |  7- 9 || total
-------------------------+-------+-------+-------++-------
Melee: Hand axe          |    95 |   201 |   123 ||   419
       Whip              |       |    18 |   273 ||   291
Throw: Dart              |       |     3 |    28 ||    31
  Use: Potion            |       |       |     2 ||     2
 Stab: Sleeping          |     1 |       |       ||     1
Armor: Robe              |     5 |       |       ||     5
       Ring mail         |    18 |    31 |       ||    49
       Chain mail        |       |    49 |   185 ||   234
Dodge: Dodged            |    53 |    75 |   114 ||   242

Table legend: (Time is in decaauts)
 A = Elapsed time spent in this place.
 B = Non-inter-level travel time spent in this place.
 C = Inter-level travel time spent in this place.
 D = Time resting spent in this place.
 E = Time spent auto-exploring this place.
 F = Levels seen in this place.
 G = Mean time per level.
                   A        B        C        D        E       F      G
               +--------+--------+--------+--------+--------+-----+--------+
         Total |   9814 |   9072 |    742 |   2951 |   4083 |   8 | 1226.8 |
       Dungeon |   9664 |   8933 |    731 |   2951 |   3965 |   7 | 1380.6 |
        Temple |    150 |    139 |     11 |      0 |    118 |   1 |  150.0 |
               +--------+--------+--------+--------+--------+-----+--------+

Top non-repeatable levels by time:
     D:4: 2375 daAuts
     D:6: 2048 daAuts
     D:1: 1255 daAuts
     D:3: 1187 daAuts
     D:5: 1125 daAuts
     D:7: 850 daAuts
     D:2: 822 daAuts
  Temple: 150 daAuts
